 Dungeon Crawl Stone Soup version 0.29-a0-892-g2c4c91d9db (webtiles) character file.

Game seed: 7353298543439532594

1976 RevDB the Basher (level 9, 0/79 HPs)
             Began as a Minotaur Gladiator on July 21, 2022.
             Was a Priest of Okawaru.
             Frozen to death by Nato's ghost (3 damage)
             ... on level 6 of the Dungeon on July 22, 2022.
             The game lasted 00:42:01 (4530 turns).

RevDB the Basher (Minotaur Gladiator)               Turns: 4530, Time: 00:42:02

Health: 0/79       AC: 13    Str: 24    XL:     9   Next: 0%
Magic:  11/11      EV:  8    Int:  5    God:    Okawaru [***...]
Gold:   212        SH:  0    Dex: 13    Spells: 8/8 levels left

rFire   . . .      SeeInvis .   a - +0 flail
rCold   + . .      Faith    .   (no shield)
rNeg    . . .      Spirit   .   b - +0 plate armour
rPois   +          Reflect  .   c - +0 hat
rElec   +          Harm     .   g - scarf {shadows}
rCorr   .          Rampage  .   n - +0 pair of gloves
Will    +....                   (no boots)
Stlth   ..........              (no amulet)
HPRegen 0.23/turn               r - ring "Zonup" {rElec rPois Will+ Str+2 Slay+3}
MPRegen 0.12/turn               f - ring of protection from cold

@: no status effects
A: horns 2, retaliatory headbutt
a: Renounce Religion, Heroism


You were on level 6 of the Dungeon.
You worshipped Okawaru.
Okawaru was most pleased with you.
You visited 2 branches of the dungeon, and saw 7 of its levels.

You collected 212 gold pieces.

Inventory:

Hand Weapons
 a - a +0 flail (weapon)
 D - a +2 dagger of holy wrath
Missiles
 d - 3 throwing nets (quivered)
 e - a javelin
 q - 52 stones
 w - 4 silver boomerangs
Armour
 b - a +0 plate armour (worn)
 c - a +0 hat (worn)
 g - a scarf of shadows (worn)
 n - a +0 pair of gloves (worn)
 v - the +0 robe of Uskayaw's Pride {Will+ Int+3}
   (You found it on level 2 of the Dungeon)

   Int:       It affects your intelligence (+3).
   Will:      It increases your willpower.
Jewellery
 f - a ring of protection from cold (right hand)
 i - a ring of willpower
 r - the ring "Zonup" (left hand) {rElec rPois Will+ Str+2 Slay+3}
   (You found it on level 2 of the Dungeon)

   [ring of willpower]

   Str:       It affects your strength (+2).
   Slay:      It affects your accuracy & damage with ranged weapons and melee
   (+3).
   rElec:     It insulates you from electricity.
   rPois:     It protects you from poison.
   Will:      It increases your willpower.
 G - a +4 ring of evasion
Wands
 l - a wand of flame (7)
Scrolls
 h - 6 scrolls of fear
 o - a scroll of enchant weapon {unknown}
 s - 3 scrolls of vulnerability
 x - 2 scrolls of teleportation
 y - 3 scrolls of amnesia
 z - 2 scrolls of torment {unknown}
 C - 2 scrolls of fog {unknown}
 F - a scroll of blinking {unknown}
 I - a scroll of magic mapping {unknown}
Potions
 j - 4 potions of degeneration
 k - a potion of haste {unknown}
 m - a potion of flight {unknown}
 t - 3 potions of mutation
 u - 2 potions of brilliance
 A - a potion of invisibility {unknown}
 B - 3 potions of curing
 H - a potion of cancellation {unknown}


   Skills:
 + Level 7.0 Fighting
 - Level 10.0 Maces & Flails
 - Level 3.0 Throwing
 - Level 5.0 Armour
 - Level 4.0 Dodging
 - Level 4.0 Invocations


You had 8 spell levels left.
You didn't know any spells.
Your spell library contained the following spells:

 Spells                   Type           Power      Damage    Failure   Level
 Necrotise                Necr           0%         1d4       100%        1
 Vampiric Draining        Necr           0%         2d6       100%        3
 Agony                    Necr           0%         N/A       100%        5


Dungeon Overview and Level Annotations

Branches:
Dungeon (6/15)             Temple (1/1) D:4

Altars:
Cheibriados
Elyvilon
Fedhas
Gozag
Hepliaklqana
Kikubaaqudgha
Nemelex Xobeh
Okawaru
Ru
Sif Muna
Uskayaw
Vehumet
Wu Jian
Yredelemnul
Zin
The Shining One

Annotations:
D:6 Nato's ghost, novice OpIE
Temple 2 transporters


Innate Abilities, Weirdness & Mutations

You have a pair of horns on your head.
You reflexively headbutt those who attack you in melee.


Message History

Nato's ghost is moderately damaged.
Nato's ghost hits you. The orc warrior barely misses you.
You thump Nato's ghost! Your headbutt misses Nato's ghost.
Your punch misses Nato's ghost.
Nato's ghost is heavily damaged.
The orc priest looks satisfied for a moment.
Nato's ghost freezes you.
You are frozen!
You resist.
The orc warrior hits you but does no damage.
The orc warrior hits you with a +0 great sword.
You barely miss Nato's ghost.
Nato's ghost is heavily damaged.
The orc priest invokes the aid of Beogh against you.
Beogh smites you! Nato's ghost closely misses you.
The orc warrior barely misses you. The orc barely misses you.
The orc warrior hits you with a +0 great sword!
* * * LOW HITPOINT WARNING * * *
You sock Nato's ghost! Your headbutt misses Nato's ghost.
Nato's ghost is severely damaged.
The orc priest begins to cast a cantrip, but forgets the words!
Nato's ghost hits you but does no damage.
The orc warrior hits you from afar with a +0 halberd.
* * * LOW HITPOINT WARNING * * *
The orc warrior misses you.
As you read the scroll of fear, it crumbles to dust.
You assume a fearsome visage.
The orc looks frightened!
The orc priest looks frightened!
Nato's ghost is unaffected.
The orc looks frightened! x2; The orc warrior looks frightened! x2
The orc looks frightened!
Nato's ghost freezes you.
You are frozen!
You resist.
* * * LOW HITPOINT WARNING * * *
The orc warrior supplicates, "Please!
I have a lot of children!"
The orc cowers, then darts away.
The orc screams, "Help!"
You hit Nato's ghost. You headbutt Nato's ghost!
Nato's ghost is almost destroyed.
Nato's ghost freezes you.
You are frozen.
You resist.
You die...

##..#..# ##
8#..#..# #.
.##o.#..##.
.o.#.#....#
..o#oo.o..#
.8.#.'....#
...#o).@#
.o.#o#W.# ####
o##o.#.o# #..# #
#..# .8#..#..#
##..# # #...#
.##..#..###.####
####..#
.....#..##..##.#
#.....#
######8.##.###.#
......# #.#
#....## #.#
......#
#..###....####.#


You could see 2 orc warriors, 2 orc priests, Nato's ghost and 5 orcs.

Vanquished Creatures
  The ghost of Zonian the Chiller, a novice DsIE (D:5)
  2 water moccasins
  An orc warrior (D:6)
  An ice beast (D:5)
  2 ogres (D:5)
  4 phantoms
  2 bullfrogs
  Blork the orc (D:5)
  2 scorpions
  An orc priest (D:6)
  A jelly (D:4)
  4 iguanas
  4 hounds
  3 orc wizards
  4 adders
  4 gnolls (D:5)
  A white imp (D:6)
  2 worms
  3 dart slugs
  11 orcs
  7 ball pythons
  8 bats
  6 endoplasms
  3 giant cockroaches
  9 goblins
  3 hobgoblins
  2 jackals (D:4)
  2 quokkas
  3 frilled lizards
  5 kobolds
  6 rats
108 creatures vanquished.

Notes
Turn   | Place    | Note
-------+----------+-------------------------------------------
     0 | D:1      | RevDB the Minotaur Gladiator began the quest for the Orb.
     0 | D:1      | Reached XP level 1. HP: 18/18 MP: 0/0
    34 | D:1      | Found a faded altar of an unknown god.
   116 | D:1      | Reached skill level 4 in Maces & Flails
   116 | D:1      | Reached XP level 2. HP: 24/25 MP: 1/1
   731 | D:2      | Reached XP level 3. HP: 31/31 MP: 2/2
   747 | D:2      | Found a basalt altar of Yredelemnul.
   785 | D:2      | Identified the ring "Zonup" {rElec rPois Will+ Str+2
                  | Slay+3}
  1040 | D:2      | Identified the +0 robe of Uskayaw's Pride {Will+ Int+3}
  1382 | D:3      | Reached skill level 5 in Maces & Flails
  1382 | D:3      | Reached skill level 1 in Armour
  1382 | D:3      | Reached XP level 4. HP: 25/38 MP: 3/3
  1760 | D:4      | Found a staircase to the Ecumenical Temple.
  1783 | Temple   | Entered the Ecumenical Temple
  1783 | Temple   | Found a transporter.
  1783 | Temple   | Found a transporter.
  1785 | Temple   | Found a transporter.
  1785 | Temple   | Found a transporter.
  1798 | Temple   | Became a worshipper of Warmaster Okawaru
  1915 | D:4      | Reached XP level 5. HP: 40/45 MP: 4/4
  2238 | D:4      | Reached skill level 6 in Maces & Flails
  2238 | D:4      | Reached XP level 6. HP: 43/52 MP: 5/5
  2250 | D:4      | Noticed a water moccasin
  2255 | D:4      | Killed a water moccasin
  2255 | D:4      | Reached * piety under Okawaru
  2256 | D:4      | Reached skill level 5 in Fighting
  2469 | D:5      | Entered Level 5 of the Dungeon
  2631 | D:5      | Found a shimmering blue altar of Sif Muna.
  2666 | D:5      | Found a sparkling altar of Nemelex Xobeh.
  2709 | D:5      | Reached XP level 7. HP: 61/61 MP: 6/6
  2726 | D:5      | Found a large runed translucent door.
  2727 | D:5      | Found a large runed translucent door.
  2729 | D:5      | Noticed Zonian's ghost (novice DsIE)
  2752 | D:5      | Killed Zonian's ghost
  2753 | D:5      | Reached skill level 7 in Maces & Flails
  2753 | D:5      | Reached skill level 5 in Armour
  2898 | D:5      | Reached ** piety under Okawaru
  3151 | D:5      | Reached skill level 8 in Maces & Flails
  3151 | D:5      | Reached XP level 8. HP: 71/71 MP: 7/7
  3398 | D:5      | Reached skill level 1 in Invocations
  3556 | D:5      | Found a glowing golden altar of the Shining One.
  3661 | D:5      | Noticed Blork the orc
  3670 | D:5      | Killed Blork the orc
  4035 | D:6      | Reached *** piety under Okawaru
  4064 | D:6      | Reached skill level 9 in Maces & Flails
  4434 | D:6      | Reached skill level 10 in Maces & Flails
  4434 | D:6      | Reached XP level 9. HP: 75/79 MP: 11/11
  4489 | D:6      | Upgraded the game from 0.29-a0-887-gcbe080d7e0 to
                  | 0.29-a0-892-g2c4c91d9db
  4508 | D:6      | Found a runed translucent gate.
  4508 | D:6      | Noticed Nato's ghost (novice OpIE)
  4509 | D:6      | Found a runed translucent gate.
  4510 | D:6      | Found a runed translucent gate.
  4529 | D:6      | HP: 3/79 [frozen (9)]
  4530 | D:6      | Frozen to death by Nato's ghost

Illustrated notes

Levels and vault maps discovered:
D:1:      dpeg_arrival_long_road, layout_basic,
          hellmonk_ecumenical_altar_run_dry, st_stairs_10
D:2:      layout_basic, basic_altar
D:3:      layout_rooms
D:4:      layout_loops_cross, minmay_temple_entry_crystal_x
D:5:      layout_basic, lemuel_round_altar, mainiacjoe_overflow_two_lobes,
          ebering_ghost_disaster_area, serial_corexii_hall,
          corexii_hall_statues_u, corexii_hall_statues_deadend,
          corexii_hall_statues_x, corexii_hall_statues_l, hangedman_glass_teeth,
          dk_noncrumbling_4, dk_noncrumbling_3, kennysheep_pointless_box,
          minmay_misc_feat_more_columns, minmay_misc_feat_pillars, st_stairs_1,
          uniq_blork_the_orc
D:6:      layout_layer_cave, biasface_ghost_orc_armoury, serial_shops,
          kennysheep_mini_moat
Temple:   hellmonk_temple_divided_pantheon

Skill      XL: |  1  2  3  4  5  6  7  8 |
---------------+-------------------------+-----
Maces & Flails | 4 5 6 8 10 | 10.0
Fighting       | 3 4 5 6 7 |  7.0
Dodging        | 4 |  4.0
Armour         | 1 2 4 5 |  5.0
Throwing       | 3 |  3.0
Invocations    | 4 |  4.0

Action                   |  1- 3 |  4- 6 |  7- 9 || total
-------------------------+-------+-------+-------++-------
Melee: Flail             |    68 |   100 |   113 ||   281
       Headbutt          |    10 |    20 |    25 ||    55
       Punch             |       |     1 |     4 ||     5
  Use: Scroll            |       |     5 |     4 ||     9
Armor: Leather armour    |    19 |       |       ||    19
       Ring mail         |    10 |    21 |       ||    31
       Plate armour      |       |    16 |    50 ||    66
Dodge: Dodged            |    45 |    50 |    26 ||   121

Table legend: (Time is in decaauts)
 A = Elapsed time spent in this place.
 B = Non-inter-level travel time spent in this place.
 C = Inter-level travel time spent in this place.
 D = Time resting spent in this place.
 E = Time spent auto-exploring this place.
 F = Levels seen in this place.
 G = Mean time per level.
                   A        B        C        D        E       F      G
               +--------+--------+--------+--------+--------+-----+--------+
         Total |   4549 |   4400 |    149 |    241 |    230 |   7 |  649.9 |
       Dungeon |   4507 |   4358 |    149 |    241 |    230 |   6 |  751.2 |
        Temple |     41 |     41 |      0 |      0 |      0 |   1 |   41.0 |
               +--------+--------+--------+--------+--------+-----+--------+

Top non-repeatable levels by time:
     D:5: 1405 daAuts
     D:4: 709 daAuts
     D:2: 679 daAuts
     D:6: 630 daAuts
     D:1: 622 daAuts
     D:3: 462 daAuts
  Temple: 41 daAuts
